 Dungeon Crawl Stone Soup version 0.29.0-4-gdea44cf6ec (webtiles) character file.

Game seed: 4057546143610080416

960 qw the Cleaver (level 8, -6/46 HPs)
             Began as a Tengu Warper on Aug 28, 2022.
             Was an Initiate of Okawaru.
             Mangled by a two-headed ogre
             ... wielding a +0 giant club
              (26 damage)
             ... on level 6 of the Dungeon.
             The game lasted 00:00:27 (5660 turns).

qw the Cleaver (Tengu Warper)                       Turns: 5660, Time: 00:00:27

Health: -6/46      AC:  9    Str: 13    XL:     8   Next: 14%
Magic:  12/12      EV:  7    Int: 14    God:    Okawaru [......]
Gold:   176        SH:  5    Dex: 14    Spells: 11/11 levels left

rFire   . . .      SeeInvis .   Y - +1 war axe
rCold   . . .      Faith    .   (no shield)
rNeg    . . .      Spirit   .   g - +0 chain mail
rPois   .          Reflect  +   (helmet restricted)
rElec   .          Harm     .   (no cloak)
rCorr   .          Rampage  .   (no gloves)
Will    +....                   (boots unavailable)
Stlth   ..........              l - amulet of reflection
HPRegen 0.15/turn               f - ring of willpower
MPRegen 0.13/turn               (no ring)

@: flying quickly and evasively, quick
A: beak, talons 3, nimble flight
a: Renounce Religion


You were on level 6 of the Dungeon.
You worshipped Okawaru.
Okawaru was noncommittal.
You visited 2 branches of the dungeon, and saw 7 of its levels.

You collected 274 gold pieces.
You spent 98 gold pieces at shops.


Innate Abilities, Weirdness & Mutations

You have a beak for a mouth.
You have claws for feet.
Your magical nature lets you fly swiftly and evasively.


   Skills:
 - Level 3.1 Fighting
 - Level 9.0 Axes
 - Level 2.5 Throwing
 + Level 2.8 Armour
 - Level 2.1 Dodging
 - Level 2.0 Spellcasting
 - Level 2.4 Translocations


You had 11 spell levels left.
You didn't know any spells.
Your spell library contained the following spells:

 Spells                   Type           Power      Damage    Failure   Level
 Blink                    Tloc           16%        N/A       99%         2
 Gell's Gravitas          Tloc           8%         N/A       100%        3
 Lesser Beckoning         Tloc           8%         N/A       100%        3
 Teleport Other           Tloc           8%         N/A       100%        3
 Manifold Assault         Tloc           8%         N/A       100%        5

Inventory:

Hand Weapons
 b - a +0 vampiric whip
 Y - a +1 war axe (weapon)
Missiles
 d - 3 javelins (quivered)
Armour
 g - a +0 chain mail (worn)
Jewellery
 f - a ring of willpower (left hand)
 l - an amulet of reflection (around neck)
Scrolls
 a - 2 scrolls of identify
 i - 2 scrolls of teleportation
Potions
 c - 2 potions of haste
 e - 3 potions of curing

Dungeon Overview and Level Annotations

Branches:
Dungeon (6/15)             Temple (1/1) D:5

Altars:
Ashenzari
Cheibriados
Dithmenos
Elyvilon
Fedhas
Gozag
Hepliaklqana
Kikubaaqudgha
Nemelex Xobeh
Okawaru
Qazlal
Sif Muna
Trog
Uskayaw
Vehumet
Wu Jian
Yredelemnul
Zin
The Shining One

Shops:
D:3 :(*=


Message History

Enter note: Done exploring.
(D) Dungeon (T) Temple
Where to? (* - list waypoints, Enter - D:5, ? - help)
What level of the Dungeon? (default 1, ? - help)
There is a stone staircase leading down here.
You fly downwards.
The two-headed ogre shouts in stereo!
You hear a shout!
Found a wand of iceblast (9).
Found an escape hatch in the floor.
Found a stone staircase leading up.
There is a stone staircase leading up here.
A two-headed ogre is nearby!
Existing waypoints: (1) Temple (2) D:5 Assign waypoint to what number? (0-9, D - delete waypoint) Waypoint 1 re-assigned from Temple to D:6.
Enter note: Throw: 4 javelins
Press: ? - help, Q - select action Shift-Dir - straight line, f - two-headed ogre You throw a javelin.
The javelin pierces through the two-headed ogre.
The two-headed ogre is lightly wounded.
A shadow imp comes into view.
You hit the two-headed ogre. Your kick misses the two-headed ogre.
The two-headed ogre is lightly wounded.
The two-headed ogre hits you with a +0 giant club!
The two-headed ogre closely misses you.
You slash the two-headed ogre! You claw the two-headed ogre.
The two-headed ogre is heavily wounded.
You hit the two-headed ogre but do no damage.
You claw the two-headed ogre.
You peck the two-headed ogre, but do no damage.
The two-headed ogre is heavily wounded.
The two-headed ogre hits you with a +0 giant club!
The two-headed ogre closely misses you.
You hit the two-headed ogre. Your kick misses the two-headed ogre.
The two-headed ogre is heavily wounded.
The two-headed ogre hits you with a +0 giant club!!
Ouch! That really hurt!
You die...

##...
###..(.#.
#........
# # #####


You could see a two-headed ogre and a shadow imp.

Vanquished Creatures
  2 ice beasts
  A black bear (D:4)
  An ogre (D:4)
  A phantom (D:5)
  A necrophage (D:4)
  3 scorpions (D:4)
  2 orc priests (D:4)
  2 iguanas (D:5)
  An orc wizard (D:4)
  7 adders
  A worm (D:2)
  A dart slug (D:4)
  15 orcs
  5 ball pythons
  10 bats
  5 endoplasms
  5 goblins
  7 hobgoblins
  8 jackals (D:2)
  2 quokkas
  3 frilled lizards
  6 kobolds
  3 rats
92 creatures vanquished.

Notes
Turn   | Place    | Note
-------+----------+-------------------------------------------
     0 | D:1      | qw the Tengu Warper began the quest for the Orb.
     0 | D:1      | Reached XP level 1. HP: 12/12 MP: 4/4
     0 | D:1      | 0 ||| qw: Version: 0.1-a-89-g26bdef1
     0 | D:1      | 0 ||| qw: Game counter: 739
     0 | D:1      | 0 ||| qw: Always use a shield: true
     0 | D:1      | 0 ||| qw: God list: Okawaru
     0 | D:1      | 0 ||| qw: Allow faded altars: false
     0 | D:1      | 0 ||| qw: Do Orc after D:15 true
     0 | D:1      | 0 ||| qw: Do second Lair branch before Depths: true
     0 | D:1      | 0 ||| qw: Lair rune preference: random
     0 | D:1      | 0 ||| qw: Plans: Normal
     0 | D:1      | 0 ||| PLANNING D:1-11
   138 | D:1      | 138 ||| SWAPPING to +1 hand axe of electrocution.
   139 | D:1      | 139 ||| DROPPING +0 hand axe.
   166 | D:1      | Reached XP level 2. HP: 17/17 MP: 6/6
   171 | D:1      | Reached skill level 3 in Axes
   203 | D:1      | 203 ||| DROPPING +0 club.
   445 | D:1      | 445 ||| UPGRADING to +0 chain mail.
   455 | D:1      | 455 ||| DROPPING +0 leather armour.
   456 | D:1      | 456 ||| READING scroll labelled SOLAZI VUAM.
   457 | D:1      | 457 ||| READING scroll labelled DOM WIDDIEFORU.
   458 | D:1      | 458 ||| READING scroll labelled INEXTU PEOVI.
   461 | D:1      | 461 ||| READING scroll labelled CABRYEHAMO.
   462 | D:1      | 462 ||| READING scroll labelled JUSOJA YCSEUF.
   463 | D:1      | 463 ||| READING scroll labelled ZEOREMYEMU.
   464 | D:1      | 464 ||| READING scroll labelled FUFOQI SUFAR.
   465 | D:1      | 465 ||| READING scroll labelled TUHOYCAGGU.
   466 | D:1      | 466 ||| DRINKING 3 fizzy brown potions.
   467 | D:1      | 467 ||| DROPPING scroll of blinking.
   508 | D:2      | 508 ||| STAIRDANCE
   706 | D:2      | Reached XP level 3. HP: 21/21 MP: 7/7
   831 | D:2      | Found a faded altar of an unknown god.
   842 | D:2      | Reached skill level 4 in Axes
  1203 | D:2      | 1203 ||| DROPPING +0 flail.
  1312 | D:2      | Reached XP level 4. HP: 24/26 MP: 8/8
  1657 | D:3      | 1657 ||| STAIRDANCE
  1664 | D:3      | Reached skill level 5 in Axes
  1700 | D:3      | Found Gaef's Weapon Shoppe.
  1807 | D:3      | 1807 ||| BUYING +0 war axe (38 gold).
  1807 | D:3      | Bought a +0 war axe for 38 gold pieces
  1807 | D:3      | 1807 ||| SWAPPING to +0 war axe.
  1808 | D:3      | 1808 ||| DROPPING +2 hand axe of protection.
  1912 | D:3      | Found Paumuge's General Store.
  1923 | D:3      | 1923 ||| BUYING 3 scrolls of identify (60 gold).
  1923 | D:3      | Bought 3 scrolls of identify for 60 gold pieces
  1923 | D:3      | 1923 ||| SHOPLISTING potion of curing (30 gold, have 10).
  2080 | D:3      | Found an opulent altar of Gozag.
  2194 | D:3      | Found Caugg's Jewellery Shoppe.
  2199 | D:3      | 2199 ||| SHOPLISTING +6 ring of strength (432 gold, have
                  | 37).
  2199 | D:3      | 2199 ||| SHOPLISTING amulet of the Telling Gods {RegenMP
                  | Rampage *Corrode rN+ Dex+6} (578 gold, have 37).
  2199 | D:3      | 2199 ||| SHOPLISTING ring of fire (300 gold, have 37).
  2199 | D:3      | 2199 ||| SHOPLISTING ring of ice (300 gold, have 37).
  2199 | D:3      | 2199 ||| SHOPLISTING ring of positive energy (240 gold,
                  | have 37).
  2238 | D:3      | Identified the amulet "Qahaubu" {Will+ Regen+}
  2243 | D:3      | Found a glowing golden altar of the Shining One.
  2550 | D:3      | 2550 ||| Stepping ~*~*~tactically~*~*~ (stealth).
  2557 | D:3      | Found Rugrugy's Book Shoppe.
  2734 | D:3      | 2734 ||| UPGRADING to amulet "Qahaubu" {Will+ Regen+}.
  2739 | D:3      | 2739 ||| UPGRADING to amulet of reflection.
  2749 | D:3      | 2749 ||| DROPPING amulet "Qahaubu" {Will+ Regen+}.
  2750 | D:3      | 2750 ||| UPGRADING to ring of willpower.
  2751 | D:3      | 2751 ||| READING scroll labelled ROSCHU MITOUGH.
  2752 | D:3      | 2752 ||| READING 4 scrolls of identify.
  2752 | D:3      | 2752 ||| IDENTIFYING black potion
  2753 | D:3      | 2753 ||| READING 3 scrolls of identify.
  2753 | D:3      | 2753 ||| IDENTIFYING lumpy emerald potion
  2754 | D:3      | 2754 ||| READING 2 scrolls of identify.
  2754 | D:3      | 2754 ||| IDENTIFYING fizzy puce potion
  2755 | D:3      | 2755 ||| DROPPING potion of flight.
  2756 | D:3      | 2756 ||| DROPPING potion of brilliance.
  2799 | D:4      | Noticed a necrophage
  2813 | D:4      | Killed a necrophage
  2814 | D:4      | Reached skill level 6 in Axes
  2814 | D:4      | Gained mutation: Your magical nature lets you fly swiftly
                  | and evasively. [Tengu growth]
  2814 | D:4      | Reached XP level 5. HP: 24/30 MP: 9/9
  2881 | D:4      | Reached XP level 6. HP: 26/35 MP: 10/10
  3132 | D:4      | 3132 ||| Stepping ~*~*~tactically~*~*~ (stealth).
  3134 | D:4      | 3134 ||| FLEEEEING.
  3136 | D:4      | 3136 ||| FLEEEEING.
  3137 | D:4      | 3137 ||| FLEEEEING.
  3138 | D:4      | 3138 ||| FLEEEEING.
  3139 | D:4      | 3139 ||| FLEEEEING.
  3140 | D:4      | 3140 ||| FLEEEEING.
  3141 | D:4      | 3141 ||| FLEEEEING.
  3142 | D:4      | 3142 ||| FLEEEEING.
  3143 | D:4      | 3143 ||| FLEEEEING.
  3144 | D:4      | 3144 ||| FLEEEEING.
  3145 | D:4      | 3145 ||| FLEEEEING.
  3146 | D:4      | 3146 ||| FLEEEEING.
  3147 | D:4      | 3147 ||| FLEEEEING.
  3148 | D:4      | 3148 ||| FLEEEEING.
  3150 | D:4      | 3150 ||| FLEEEEING.
  3151 | D:4      | 3151 ||| FLEEEEING.
  3152 | D:4      | 3152 ||| FLEEEEING.
  3153 | D:4      | 3153 ||| FLEEEEING.
  3154 | D:4      | 3154 ||| STAIRDANCE
  3201 | D:4      | 3201 ||| STAIRDANCE
  3206 | D:4      | 3206 ||| STAIRDANCE
  3206 | D:4      | HP: 8/35 [orc priest/divine providence (13)]
  3468 | D:4      | 3468 ||| Stepping ~*~*~tactically~*~*~ (hiding).
  3469 | D:4      | 3469 ||| Stepping ~*~*~tactically~*~*~ (hiding).
  3479 | D:4      | Reached skill level 7 in Axes
  3491 | D:4      | Noticed a black bear
  3493 | D:4      | 3493 ||| Stepping ~*~*~tactically~*~*~ (stealth).
  3494 | D:4      | 3494 ||| Stepping ~*~*~tactically~*~*~ (stealth).
  3500 | D:4      | Killed a black bear
  3501 | D:4      | Reached skill level 3 in Fighting
  3501 | D:4      | Reached XP level 7. HP: 25/41 MP: 11/11
  3504 | D:4      | HP: 9/41 [poisoned by a scorpion]
  3786 | D:4      | 3786 ||| READING scroll of enchant weapon.
  3786 | D:4      | 3786 ||| ENCHANTING +0 war axe.
  3890 | D:4      | Reached skill level 8 in Axes
  4281 | D:5      | Entered Level 5 of the Dungeon
  4767 | D:5      | Found a staircase to the Ecumenical Temple.
  4768 | D:5      | 4768 ||| PLANNING TEMPLE
  4768 | D:5      | 4768 ||| DRINKING 2 lumpy sapphire potions.
  4799 | D:5      | 4799 ||| READING 2 scrolls of identify.
  4799 | D:5      | 4799 ||| IDENTIFYING fuming dark potion
  4800 | D:5      | 4800 ||| DROPPING potion of magic.
  4801 | D:5      | 4801 ||| DROPPING potion of lignification.
  4810 | Temple   | Entered the Ecumenical Temple
  4818 | Temple   | Became a worshipper of Warmaster Okawaru
  4923 | Temple   | 4923 ||| PLANNING D:1-11
  4962 | D:5      | Reached XP level 8. HP: 38/46 MP: 12/12
  5187 | D:5      | Reached skill level 9 in Axes
  5654 | D:6      | Noticed a two-headed ogre
  5660 | D:6      | Mangled by a two-headed ogre

Levels and vault maps discovered:
D:1:      amcnicky_arrival_double_pillar, layout_rooms
D:2:      layout_loops_ring, nicolae_ecumenical_snake_handling, serial_aquarium,
          aquarium_bridge_straight [aquarium_subvault_bridge,
          aquarium_subvault_wall, aquarium_subvault_bridge,
          aquarium_subvault_wall], aquarium_window_2, aquarium_window_corner,
          aquarium_window_corridor_1, aquarium_view_2e, aquarium_pool_2
D:3:      layout_loops_corners, grunt_gozag_breadcrumbs, tso_metal_star,
          serial_shops, nicolae_shop_hallway_plus, shop,
          nicolae_shop_waterfront, nicolae_square_shop
D:4:      layout_basic
D:5:      layout_basic, minmay_temple_entry_junction
D:6:      lemuel_ice_spiral_2, layout_basic, nicolae_overflow_hidden_temple
Temple:   nicolae_temple_bog_church

Skill      XL: |  1  2  3  4  5  6  7  8 |
---------------+-------------------------+-----
Axes           | 3 4 6 7 8 9 |  9.0
Armour         | 2 |  2.8
Fighting       | 3 |  3.1
Throwing       | 2 |  2.5
Dodging        | |  2.1
Spellcasting   | |  2.0
Translocations | |  2.4

Action                   |  1- 3 |  4- 6 |  7- 9 || total
-------------------------+-------+-------+-------++-------
Melee: Hand axe          |    70 |    28 |       ||    98
       Kick              |     7 |    22 |    20 ||    49
       Peck              |     5 |    10 |    12 ||    27
       War axe           |       |    62 |    73 ||   135
       Punch             |       |     1 |     1 ||     2
Throw: Boomerang         |     7 |       |       ||     7
       Javelin           |       |       |    14 ||    14
  Use: Scroll            |     8 |     4 |     2 ||    14
       Potion            |     1 |       |     1 ||     2
Armor: Leather armour    |     9 |       |       ||     9
       Chain mail        |    31 |    46 |    25 ||   102
Dodge: Dodged            |    22 |    23 |    16 ||    61
Block: Other             |       |     7 |    14 ||    21

Table legend:
 A = Non-vault XP
 B = Vault XP
 C = Vault XP percentage of total XP
 D = Non-vault monster count
 E = Vault monster count
 F = Vault count percentage of total count
                 A         B        C        D         E       F
            +---------+---------+-------+---------+---------+-------
      Total |    1355 |      17 |   1.2 |      89 |       3 |   3.3
            +---------+---------+-------+---------+---------+-------
        D:1 |      22 |       0 |   0.0 |      14 |       0 |   0.0
        D:2 |      74 |      17 |  18.7 |      28 |       3 |   9.7
        D:3 |      43 |       0 |   0.0 |      15 |       0 |   0.0
        D:4 |     854 |       0 |   0.0 |      18 |       0 |   0.0
        D:5 |     362 |       0 |   0.0 |      14 |       0 |   0.0
            +---------+---------+-------+---------+---------+-------
